 Dungeon Crawl Stone Soup version 0.31.0-11-ge490571c62 (webtiles) character file.

Game seed: 14897015511745022829

7930 mefis the Thaumaturge (level 11, -13/54 HPs)
             Began as a Deep Elf Fire Elementalist on Feb 7, 2024.
             Was a Believer of Sif Muna.
             Mangled by a cyan ugly thing (15 damage)
             ... on level 8 of the Dungeon.
             The game lasted 00:24:40 (9010 turns).

mefis the Thaumaturge (Deep Elf Fire Elementalist)  Turns: 9010, Time: 00:24:41

Health: -13/54     AC: 10    Str:  5    XL:     11   Next: 3%
Magic:  3/26       EV: 15    Int: 25    God:    Sif Muna [**....]
Gold:   159        SH:  0    Dex: 15    Spells: 14/29 levels left

rFire   + . .        z - staff of fire
rCold   . . .        o - orb {*channel}
rNeg    . . .        B - +2 robe {Will+}
rPois   .            f - +2 hat
rElec   .            G - +1 cloak
rCorr   .            A - +1 pair of gloves
SInv    .            (no boots)
Will    ++...        L - amulet of regeneration
Stlth   ++++         (no ring)
HPRegen 1.09/turn    (no ring)
MPRegen 0.20/turn

%: channel magic (20%)
@: no status effects
A: no striking features
a: Renounce Religion, Channel Magic


You were on level 8 of the Dungeon.
You worshipped Sif Muna.
Sif Muna was pleased with you.
You visited 2 branches of the dungeon, and saw 9 of its levels.
You also visited: Sewer.

You collected 393 gold pieces.
You spent 234 gold pieces at shops.

Inventory:

Hand Weapons
 e - a +0 dagger
 I - the +9 lance "Wyrmbane" {slay drac, rPois rF+ rC+ AC+3}
   (You took it off Maggie on level 8 of the Dungeon)

   AC+3:      It affects your AC (+3).
   rF+:       It protects you from fire.
   rC+:       It protects you from cold.
   rPois:     It protects you from poison
Missiles
 g - 33 poisoned darts
 K - a throwing net
Armour
 a - a +0 robe
 f - a +2 hat (worn)
 o - an orb of energy (worn)
 A - a +1 pair of gloves (worn)
 B - a +2 robe of willpower (worn)
 G - a +1 cloak (worn)
Magical Staves
 z - a staff of fire (weapon)
 C - a staff of alchemy
 E - the staff of Skirmishing {Dex+2 Conj}
   (You found it on level 7 of the Dungeon)

   [staff of conjuration]

   Base accuracy: +5 Base damage: 5 Base attack delay: 1.2 This weapon's minimum
   attack delay (0.6) is reached at skill level 12.
   Dex+2:     It affects your dexterity (+2).
   Conj:      It increases the power of your Conjurations spells.
   It falls into the 'Staves' category.
   It is a one-handed weapon.
Jewellery
 L - an amulet of regeneration (around neck)
Talismans
 J - a beast talisman
Wands
 v - a wand of acid (7)
 y - a wand of flame (39)
 F - a wand of mindburst (21)
Scrolls
 d - 2 scrolls of butterflies
 k - a scroll of blinking
 l - a scroll of enchant armour {unknown}
 n - a scroll of enchant weapon {unknown}
 p - 3 scrolls of fog {unknown}
 r - 2 scrolls of fear {unknown}
 t - 3 scrolls of teleportation {unknown}
 u - a scroll of revelation {unknown}
 w - a scroll of poison {unknown}
 D - a scroll of noise {unknown}
 H - a scroll of immolation {unknown}
 M - a scroll of identify
Potions
 b - a potion of magic
 c - 8 potions of curing
 h - a potion of attraction {unknown}
 i - 2 potions of haste {unknown}
 j - a potion of invisibility {unknown}
 m - a potion of berserk rage {unknown}
 q - 3 potions of resistance {unknown}
 s - 2 potions of mutation {unknown}
 x - a potion of might {unknown}


   Skills:
 + Level 6.7 Dodging
 + Level 7.4 Stealth
 * Level 9.7 Spellcasting
 * Level 7.1 Conjurations
 * Level 8.9 Hexes
 + Level 5.5 Translocations
 * Level 8.5 Fire Magic
 + Level 4.4 Invocations


You had 14 spell levels left.
You knew the following spells:

 Your Spells              Type           Power      Damage    Failure   Level
a - Foxfire               Conj/Fire      100%       2x1d9     2%          1
p - Inner Flame           Hex/Fire       70%        N/A       3%          3
q - Volatile Blastmotes   Fire/Tloc      100%       2d18      4%          3
s - Scorch                Fire           100%       2d9       2%          2
w - Flame Wave            Conj/Fire      67%        2d15      8%          4
Z - Blink                 Tloc           80%        N/A       4%          2

Your spell library contained the following spells:

 Spells                   Type           Power      Damage    Failure   Level
 Momentum Strike          Conj/Tloc      88%        3d10      3%          2
 Lesser Beckoning         Tloc           80%        N/A       4%          2
 Hailstorm                Conj/Ice       30%        3d8       12%         3
 Freeze                   Ice            48%        1d6       14%         1
 Frozen Ramparts          Ice            24%        1d4       34%         3


Dungeon Overview and Level Annotations

Branches:
Dungeon (8/15)             Temple (1/1) D:5           Sewer (visited)
   Lair: D:8-11

Altars:
Dithmenos
Fedhas
Gozag
Kikubaaqudgha
Makhleb
Nemelex Xobeh
Qazlal
Ru
Sif Muna
Vehumet
Wu Jian
Xom
Yredelemnul
Zin
The Shining One

Shops:
D:5 *[[[

Annotations:
D:8 4 runed translucent doors, Prince Ribbit


Message History

Confirm with . or Enter, or press ? or * to list all spells.
Casting: Flame Wave (dangerous; 8% risk of failure)
Press: ? - help, Dir - look around, f - activate You feel a surge of power!
A wave of flame ripples out!
The flame wave engulfs the cyan ugly thing.
The cyan ugly thing is lightly wounded. (Press . to intensify the flame waves.) Magical energy flows into your mind!
The cyan ugly thing headbutts you! The cyan ugly thing shocks you!
A wave of flame ripples out!
The flame wave engulfs the cyan ugly thing!
The cyan ugly thing is moderately wounded.
The cyan ugly thing misses you.
A wave of flame ripples out!
The flame wave engulfs the cyan ugly thing.
The cyan ugly thing is moderately wounded.
You finish channelling waves of flame.
The cyan ugly thing headbutts you. The cyan ugly thing shocks you!
* * * LOW HITPOINT WARNING * * *
Okay, then.
Casting: Flame Wave (dangerous; 8% risk of failure)
Confirm with . or Enter, or press ? or * to list all spells.
You feel a surge of power!
Flames lash the cyan ugly thing.
The cyan ugly thing is heavily wounded.
The cyan ugly thing's fire resistance burns away.
Magical energy flows into your mind! The cyan ugly thing barely misses you.
Unknown command.
Casting: Scorch (safe; 2% risk of failure)
Confirm with . or Enter, or press ? or * to list all spells.
Casting: Flame Wave (dangerous; 8% risk of failure)
Press: ? - help, Dir - look around, f - activate You feel a surge of power!
A wave of flame ripples out!
The flame wave engulfs the cyan ugly thing!!
The cyan ugly thing is burned terribly!
The cyan ugly thing is almost dead. (Press . to intensify the flame waves.)
The cyan ugly thing headbutts you!
* * * LOW HITPOINT WARNING * * *
The cyan ugly thing shocks you!
You die...

..............##..#.............#
..............#........#####...##
#.#....................## #....#
####....###.............# ##.....
##....##............## #......
#.#.....######.....####......
###....## .##.....#..).###.
##.>...# ##u#.........## ##
#......# #@.#........## #......#
#.#.'.##++##..## ## ##.....#
#######8Hu8##).###. #..#..##
#8..u.8#).##.[ ##.#>..#
#:....?#....)) ####..######
#?....}#....[. #.##.#.[#
#8....8#......
#.#.##.#####8..8##......
#.#)#.##.'.##++##....<..


You could see a cyan ugly thing (combustible).

Vanquished Creatures
  Gastronok (D:8)
  A two-headed ogre (D:8)
  Pikel (D:8)
  Maurice (D:7)
  Joseph (D:8)
  Jeremiah (D:7)
  Maggie (D:8)
  2 trolls (D:8)
  Grinder (D:6)
  A hornet (D:8)
  4 yaks (D:8)
  A steam dragon (D:8)
  3 sky beasts
  2 black bears
  2 orc warriors (D:8)
  An ice beast (D:8)
  2 centaurs
  An ogre (D:4)
  4 lemures
  A weeping skull (D:6)
  3 kobold brigands
  2 brain worms (Sewer)
  4 bullfrogs
  A gnoll sergeant (D:7)
  2 scorpions
  3 wights (D:8)
  A howler monkey (D:7)
  A bombardier beetle (D:5)
  A jelly (D:6)
  2 hounds
  A gnoll bouda (D:8)
  4 orc priests
  7 iguanas
  8 orc wizards
  8 gnolls
  14 adders
  A river rat (Sewer)
  A shadow imp (D:5)
  2 ufetubi (D:6)
  4 dart slugs
  3 ribbon worms
  25 orcs
  3 bats
  9 endoplasms
  6 giant cockroaches
  5 goblins
  4 hobgoblins
  13 jackals
  5 quokkas
  5 ball pythons
  6 frilled lizards
  17 kobolds
  6 rats
  A spectral orc (D:6)
210 creatures vanquished.

Vanquished Creatures (others)
  A sky beast (D:6)
  A human (D:6)
  A wight (D:8)
  799 foxfires
802 creatures vanquished.

Grand Total: 1012 creatures vanquished

Notes
Turn   | Place    | Note
-------+----------+-------------------------------------------
     0 | D:1      | mefis the Deep Elf Fire Elementalist began the quest for
                  | the Orb.
     0 | D:1      | Reached XP level 1. HP: 10/10 MP: 6/6
   151 | D:1      | Reached XP level 2. HP: 14/15 MP: 0/8
   323 | D:1      | Learned a level 2 spell: Scorch
   881 | D:2      | Reached XP level 3. HP: 19/19 MP: 6/10
   884 | D:2      | Learned a level 2 spell: Blink
   929 | D:2      | Reached skill level 1 in Hexes
  1427 | D:2      | Reached XP level 4. HP: 24/24 MP: 7/11
  1529 | D:2      | Reached skill level 1 in Translocations
  1689 | D:3      | Found a glowing drain.
  1787 | Sewer    | Entered a sewer
  1858 | Sewer    | Reached skill level 4 in Spellcasting
  1916 | Sewer    | Noticed a brain worm
  1933 | Sewer    | Killed a brain worm
  1934 | Sewer    | Reached XP level 5. HP: 16/28 MP: 1/13
  2246 | Sewer    | Reached XP level 6. HP: 21/32 MP: 5/15
  2508 | D:3      | Reached skill level 5 in Spellcasting
  2805 | D:3      | Found a shadowy altar of Dithmenos.
  3395 | D:4      | Reached skill level 5 in Fire Magic
  3395 | D:4      | Reached XP level 7. HP: 36/36 MP: 11/17
  3750 | D:5      | Entered Level 5 of the Dungeon
  3872 | D:5      | Found a radiant altar of Vehumet.
  4075 | D:5      | Reached skill level 6 in Spellcasting
  4341 | D:5      | Reached XP level 8. HP: 35/41 MP: 15/19
  4382 | D:5      | Found a staircase to the Ecumenical Temple.
  4397 | Temple   | Entered the Ecumenical Temple
  4406 | Temple   | Became a worshipper of Sif Muna the Loreminder
  4411 | Temple   | Learned a level 3 spell: Inner Flame
  4841 | D:5      | Found Boresim's Armour Shoppe.
  4844 | D:5      | Found Putod's Antique Armour Shoppe.
  4845 | D:5      | Found Qaxtyzui's General Store.
  4851 | D:5      | Found Sedinne's Antique Armour Shoppe.
  4853 | D:5      | Bought a pair of embroidered gloves for 142 gold pieces
  4853 | D:5      | Bought a runed robe for 70 gold pieces
  4874 | D:5      | Bought a scroll of identify for 22 gold pieces
  5095 | D:6      | Reached skill level 5 in Hexes
  5100 | D:6      | Reached skill level 5 in Stealth
  5107 | D:6      | Reached skill level 1 in Invocations
  5210 | D:6      | Learned a level 4 spell: Flame Wave
  5416 | D:6      | Found an ancient bone altar of Kikubaaqudgha.
  5467 | D:6      | Reached skill level 7 in Spellcasting
  5642 | D:6      | Found a basalt altar of Yredelemnul.
  5742 | D:6      | Noticed Grinder
  5748 | D:6      | Killed Grinder
  5871 | D:6      | Reached skill level 5 in Dodging
  5871 | D:6      | Reached XP level 9. HP: 45/45 MP: 17/22
  6045 | D:7      | Reached * piety under Sif Muna
  6054 | D:7      | Identified the staff of Skirmishing {Dex+2 Conj}
  6088 | D:7      | Noticed Jeremiah
  6375 | D:7      | Killed Jeremiah
  6376 | D:7      | Reached skill level 5 in Conjurations
  6581 | D:7      | Noticed Maurice
  6603 | D:7      | Killed Maurice
  6604 | D:7      | Reached skill level 8 in Spellcasting
  6920 | D:8      | Noticed a troll
  6929 | D:8      | Killed a troll
  6989 | D:8      | Found a sacrificial altar of Ru.
  6994 | D:8      | Noticed Maggie
  7011 | D:8      | Killed Maggie
  7100 | D:8      | Found a large runed translucent door.
  7101 | D:8      | Found a large runed translucent door.
  7118 | D:8      | Noticed Gastronok
  7121 | D:8      | Reached XP level 10. HP: 50/50 MP: 10/24
  7131 | D:8      | Noticed a manticore
  7131 | D:8      | Noticed Prince Ribbit
  7317 | D:8      | Noticed Pikel
  7535 | D:7      | Learned a level 3 spell: Volatile Blastmotes
  7662 | D:8      | Noticed a cyan ugly thing
  7677 | D:8      | Noticed a two-headed ogre
  7870 | D:8      | Noticed Joseph
  7883 | D:8      | Killed Joseph
  8086 | D:8      | Killed Gastronok
  8087 | D:8      | Reached skill level 9 in Spellcasting
  8087 | D:8      | Reached skill level 5 in Translocations
  8411 | D:8      | Found a large runed translucent door.
  8411 | D:8      | Found a large runed translucent door.
  8480 | D:8      | Reached ** piety under Sif Muna
  8544 | D:8      | Killed a two-headed ogre
  8628 | D:8      | Found a glowing golden altar of the Shining One.
  8658 | D:8      | Found a sparkling altar of Nemelex Xobeh.
  8719 | D:8      | Killed Pikel
  8810 | D:8      | Reached XP level 11. HP: 31/54 MP: 7/26
  9005 | D:8      | Noticed a cyan ugly thing
  9010 | D:8      | HP: 2/54 [cyan ugly thing (13)]
  9010 | D:8      | Mangled by a cyan ugly thing

Illustrated notes

Levels and vault maps discovered:
D:1:      amcnicky_arrival_feature_with_door, layout_basic, roderic_lattice_a
D:2:      layout_rooms
D:3:      layout_basic, lemuel_doored_altar, portal_sewer_entry_f,
          minmay_misc_feat_five
D:4:      layout_loops_ring, nicolae_letterblocks [nicolae_letter_subblock,
          nicolae_letter_subblock, nicolae_letter_subblock,
          nicolae_letter_subblock, nicolae_letter_subblock,
          nicolae_letter_subblock, nicolae_letter_subblock,
          nicolae_letter_subblock, nicolae_letter_subblock,
          nicolae_letter_subblock, nicolae_letter_subblock,
          nicolae_letter_subblock, nicolae_letter_subblock,
          nicolae_letter_subblock, nicolae_letter_subblock,
          nicolae_letter_subblock, nicolae_letter_subblock,
          nicolae_letter_subblock, nicolae_letter_subblock,
          nicolae_letter_subblock, nicolae_letter_subblock,
          nicolae_letter_subblock, nicolae_letter_subblock,
          nicolae_letter_subblock, nicolae_letter_subblock]
D:5:      layout_loops_ring, fiery_altar_vehumet,
          minmay_temple_entry_sparse_star, minmay_shop_grid_forest
D:6:      layout_rooms, yredelemnul_forgotten_temple_becter, tgw_kikubaaqudgha,
          uniq_grinder
D:7:      layout_loops_cross, uniq_jeremiah, uniq_maurice
D:8:      layout_cave_pools, nemelex_diamond_rough_becter,
          nicolae_overflow_hidden_temple, lemuel_crystal_altar,
          minmay_hollow_rounded_squares, uniq_gastronok, uniq_pikel,
          uniq_prince_ribbit1, uniq_joseph, uniq_maggie
Temple:   nicolae_temple_ecumenical_triangle

Skill      XL: |  1  2  3  4  5  6  7  8  9 10 |
---------------+-------------------------------+-----
Hexes          | 1 2 3 4 6 7 8 |  8.9
Stealth        | 3 4 5 6 7 |  7.4
Translocations | 1 2 3 4 5 |  5.5
Spellcasting   | 4 5 6 7 8 9 |  9.7
Fire Magic     | 4 5 6 7 8 |  8.5
Dodging        | 3 4 5 6 |  6.7
Conjurations   | 2 3 4 5 7 |  7.1
Invocations    | 2 3 4 |  4.4

Action                     |  1- 3 |  4- 6 |  7- 9 | 10-12 || total
---------------------------+-------+-------+-------+-------++-------
  Melee: Unarmed           |    14 |       |       |       ||    14
         Dagger            |       |     3 |     5 |       ||     8
         Staff             |       |       |     6 |     1 ||     7
   Cast: Foxfire           |    58 |   123 |   194 |   107 ||   482
         Scorch            |     4 |    12 |    56 |    26 ||    98
         Inner Flame       |       |       |     4 |     3 ||     7
         Flame Wave        |       |       |       |    16 ||    16
         Volatile Blastmot |       |       |       |     1 ||     1
    Use: Scroll            |       |       |     4 |     1 ||     5
         Potion            |       |       |     1 |     4 ||     5
   Stab: Sleeping          |       |     1 |       |     1 ||     2
 Armour: Robe              |    18 |     3 |    49 |    39 ||   109
  Dodge: Dodged            |    12 |     3 |    46 |    45 ||   106
